Map: Shrines of Lizul

Players

Retsech

  • Race: Terran Terran

Gracz

  • Race: Terran Terran

A.I. 2 (Hard) - Winner!

  • Race: Terran Terran

A.I. 3 (Medium) - Winner!

  • Race: Zerg Zerg

VOD

Have the link to the VOD?

Description

Time

  • Played on: Aug. 26, 2016, 6:13 a.m.
  • Length: 13:46
Show
View Real Time Build Order
Export as new Build Order

Retsech Terran 

Build Orders: MMM Bio 

Get SALT Encoding   

  12  0:08  SCV  
  13  0:20  Supply Depot, SCV  
  14  0:33  SCV  
  15  0:45  Refinery, SCV  
  16  0:52  Barracks  
  16  0:58  SCV  
  16  1:03  Refinery  
  17  1:10  Supply Depot, SCV  
  18  1:23  SCV  
  19  1:35  SCV  
  20  1:41  Barracks Tech Lab  
  20  1:48  Engineering Bay  
  20  2:09  Stimpack  
  20  2:19  Barracks  
  20  2:21  Terran Infantry Weapons Level 1  
  20  2:34  Barracks  
  20  2:40  Orbital Command  
  20  2:54  Supply Depot  
  20  3:17  SCV  
  21  3:23  Barracks Tech Lab  
  21  3:24  Barracks Tech Lab  
  21  3:29  SCV  
  22  3:49  Combat Shields  
  22  3:54  Concussive Shells  
  22  3:59  Command Center  
  22  4:05  Marine x2  
  24  4:15  Terran Infantry Armor Level 1  
  24  4:19  Supply Depot  
  24  4:42  Marine x2, Supply Depot  
  26  4:52  Command Center  
  26  5:06  Marine x2, Marauder  
  30  5:23  Marine, Supply Depot  
  30  5:24  Marauder  
  30  5:27  Supply Depot  
  30  5:28  Marauder  
  27  5:45  Marauder  
  9  6:14  Marine  
  9  6:15  Marauder  
  6  6:32  Marine  
  2  8:04  SCV  
  3  8:16  SCV  
  4  8:28  SCV  
  5  8:40  SCV  
  6  8:53  SCV  
  7  9:20  SCV  
  8  9:33  SCV  
  9  9:45  SCV  
  10  9:47  Barracks  
  9  10:08  Supply Depot  
  9  10:10  SCV  
  10  10:22  SCV  
  11  10:34  SCV  
  12  10:46  SCV  
  13  10:50  Supply Depot  
  13  10:54  Marine  
  14  11:09  Supply Depot  
  14  11:21  Supply Depot  
  14  11:23  SCV  
Show
View Real Time Build Order
Export as new Build Order

Gracz Terran 

Build Orders: Reaper Expand 

Get SALT Encoding   

  12  0:01  SCV  
  13  0:26  Supply Depot  
  13  0:55  Refinery  
  13  1:54  SCV  
  13  1:55  Barracks  
  13  1:59  Barracks  
  14  2:06  SCV  
  14  2:07  Barracks  
  15  2:18  SCV  
  16  2:30  SCV  
  17  2:45  Command Center  
  17  2:47  Barracks Reactor x2  
  17  2:53  Barracks Reactor  
  17  3:14  Orbital Command  
  17  3:26  Supply Depot  
  17  4:03  Orbital Command  
  17  4:06  SCV  
  18  4:16  Reaper x4  
  22  4:18  SCV  
  22  4:23  Refinery  
  23  4:30  SCV  
  24  4:42  SCV  
  25  4:54  SCV  
  25  6:30  Reaper x6  
  31  6:40  SCV  
  32  6:52  SCV  
  33  7:02  Reaper x4  
  33  7:04  SCV  
  36  7:50  Reaper x6  
  42  8:06  SCV  
  42  8:07  Refinery  
  43  8:18  SCV  
  44  8:22  Reaper x3  
  47  8:30  SCV  
  48  8:52  Reaper  
  48  8:53  Reaper x2  
  48  8:54  Reaper x3  
  54  9:10  Factory  
  45  9:24  Reaper  
  46  10:10  Factory Tech Lab  
  46  10:15  Reaper x4  
  32  10:36  Reaper  
  32  10:37  Reaper  
  24  10:47  Reaper  
  24  10:51  Siege Tank  
  24  10:54  Reaper  
  28  11:08  Reaper  
  29  11:16  Starport  
  29  11:56  Orbital Command  
  7  13:34  Command Center  
Show
View Real Time Build Order
Export as new Build Order

A.I. 2 (Hard) Terran - Winner!

Build Orders: MMM Bio 

Get SALT Encoding   

  12  0:01  SCV  
  13  0:13  SCV  
  14  0:20  Supply Depot  
  14  0:25  SCV  
  15  0:41  SCV  
  16  0:46  Barracks  
  16  0:51  Refinery  
  16  0:53  SCV  
  17  1:05  SCV  
  18  1:17  SCV  
  19  1:22  Supply Depot  
  19  1:30  SCV  
  20  1:33  Marine  
  21  1:43  Barracks, Orbital Command  
  21  1:51  Barracks Tech Lab, Refinery  
  21  2:09  Marine  
  21  2:10  Supply Depot  
  22  2:27  Marine  
  23  2:30  Marine  
  24  2:45  Marine  
  24  2:48  Marine  
  24  2:49  Supply Depot  
  26  2:57  SCV  
  27  3:03  Marauder  
  29  3:05  Marine  
  29  3:10  Engineering Bay, SCV  
  31  3:22  SCV  
  31  3:25  Marauder  
  31  3:26  Supply Depot  
  34  3:34  SCV  
  35  3:46  SCV, Marauder  
  38  3:58  SCV  
  39  4:07  Marauder  
  41  4:29  Marauder  
  43  5:05  Barracks Tech Lab  
  43  5:06  Marine, Stimpack  
  44  5:08  Factory  
  44  5:11  Factory  
  44  5:15  Supply Depot, Command Center  
  44  5:22  Combat Shields  
  44  5:26  Terran Infantry Weapons Level 1  
  44  5:48  Missile Turret  
  44  5:50  Marine  
  44  5:52  Factory Tech Lab  
  44  5:54  Starport  
  43  5:57  Starport, Factory Tech Lab  
  43  5:58  Marine  
  43  6:00  Missile Turret  
  44  6:08  Marine  
  41  6:14  Siege Tank  
  44  6:21  Bunker  
  44  6:22  Marine  
  45  6:27  SCV  
  45  6:28  SCV  
  45  6:30  Widow Mine  
  49  6:39  SCV  
  50  6:40  Refinery, SCV  
  50  6:41  Concussive Shells, Missile Turret  
  50  6:43  Refinery, Starport Tech Lab x2  
  50  6:46  Siege Tank  
  54  6:51  Missile Turret, SCV  
  54  6:52  SCV  
  56  6:58  Widow Mine  
  58  7:02  Raven  
  58  7:03  SCV  
  58  7:05  SCV  
  62  7:12  Bunker  
  62  7:15  SCV  
  61  7:17  SCV  
  61  7:20  Marine, Terran Infantry Armor Level 1, Raven  
  63  7:27  SCV  
  63  7:28  Marine  
  63  7:29  SCV  
  59  7:38  Marauder  
  59  7:39  SCV  
  59  7:41  SCV  
  63  7:46  Marine  
  64  7:51  SCV  
  64  7:53  SCV, Sensor Tower  
  64  7:56  Supply Depot  
  66  8:00  Marauder  
  66  8:03  Armory  
  66  8:04  SCV, Marauder  
  66  8:05  SCV  
  72  8:16  SCV  
  72  8:17  Barracks, SCV  
  74  8:28  SCV  
  75  9:05  Barracks Reactor  
  75  9:10  Medivac, Viking  
  75  9:13  Supply Depot  
  75  9:15  Command Center  
  78  9:35  Siege Tank  
  81  9:38  Supply Depot  
  81  9:40  Medivac, Raven  
  81  9:41  Cyclone  
  89  10:04  Supply Depot  
  89  10:06  Thor  
  95  10:09  Terran Infantry Weapons Level 2  
  95  10:10  Medivac  
  97  10:23  Viking  
  97  10:28  Engineering Bay, SCV  
  100  10:30  SCV  
  100  10:31  Supply Depot, SCV  
  100  10:33  Refinery  
  100  10:35  Missile Turret  
  102  10:36  Terran Vehicle Weapons Level 1  
  102  10:38  Missile Turret  
  102  10:39  Refinery  
  102  10:40  Viking, SCV  
  102  10:42  SCV  
  106  10:43  SCV  
  107  10:52  SCV  
  107  10:53  Viking  
  107  10:54  SCV, Terran Infantry Armor Level 2  
  107  10:55  SCV  
  112  10:59  Marine  
  112  11:01  Bunker  
  111  11:04  SCV  
  111  11:05  Marine, Ghost Academy  
  111  11:06  SCV  
  111  11:08  SCV  
  115  11:12  Supply Depot, Banshee  
  115  11:16  SCV  
  115  11:18  SCV, Fusion Core  
  120  11:25  Armory  
  120  11:40  Marine  
  120  11:51  Command Center  
  120  12:32  Marine  
  117  12:38  Marine  
  118  12:45  Marine  
  119  12:51  Marine  
  120  13:13  Refinery  
  120  13:14  Marine  
  120  13:16  Marine  
  120  13:18  Missile Turret  
  120  13:19  Marine  
  123  13:21  Missile Turret, Marine  
  124  13:33  Refinery  
  125  13:36  Supply Depot  
  128  13:43  Bunker  
Show
View Real Time Build Order
Export as new Build Order

A.I. 3 (Medium) Zerg - Winner!

Build Orders: Pool First 

Get SALT Encoding   

  12  0:01  Drone  
  13  0:13  Overlord  
  13  0:18  Drone  
  14  0:31  Drone  
  14  0:34  Drone  
  16  0:43  Spawning Pool  
  16  0:45  Drone  
  16  0:50  Drone  
  16  0:52  Extractor  
  16  0:56  Drone  
  17  1:06  Overlord  
  17  1:31  Zergling x2  
  17  1:32  Queen  
  20  1:34  Zergling x2  
  20  1:39  Drone  
  22  1:40  Roach Warren  
  22  1:41  Extractor  
  20  1:49  Drone  
  21  1:54  Baneling Nest  
  21  2:00  Drone  
  21  2:11  Drone  
  22  2:21  Zergling x2  
  23  2:32  Zergling x2  
  24  2:39  Zergling x2, Baneling, Overlord  
  24  2:42  Zergling x2  
  26  2:45  Zergling x2  
  26  2:48  Baneling  
  27  2:55  Zergling x2  
  28  2:58  Baneling  
  28  3:02  Baneling  
  28  3:06  Zergling x2  
  28  3:10  Evolution Chamber, Zergling x2, Drone  
  30  3:14  Drone  
  30  3:19  Drone  
  32  3:28  Overlord  
  32  3:39  Drone  
  33  3:43  Drone  
  33  3:45  Drone  
  35  3:48  Drone  
  36  4:50  Roach, Drone, Overlord  
  36  4:52  Lair  
  39  4:53  Drone  
  40  5:02  Roach  
  42  5:09  Overlord  
  42  5:13  Roach  
  43  5:22  Spore Crawler  
  43  5:23  Drone  
  43  5:25  Roach  
  44  5:30  Spore Crawler  
  44  5:31  Drone  
  43  5:36  Roach, Hatchery  
  44  5:49  Overseer  
  43  5:52  Overseer  
  43  5:55  Hydralisk Den, Drone  
  43  6:02  Spine Crawler  
  43  6:03  Drone  
  41  6:13  Spine Crawler  
  41  6:15  Drone  
  39  6:23  Zergling x2  
  38  6:25  Queen  
  40  6:33  Hydralisk  
  40  6:35  Infestation Pit  
  40  6:37  Drone  
  42  6:45  Hydralisk  
  44  6:50  Spire  
  44  6:52  Drone  
  44  6:54  Drone  
  44  6:56  Hydralisk  
  44  6:57  Drone  
  44  7:00  Drone  
  49  7:03  Drone  
  49  7:08  Drone  
  51  7:10  Drone  
  51  7:13  Drone  
  53  7:16  Drone  
  53  7:19  Drone  
  55  7:25  Drone  
  55  7:27  Drone  
  57  7:30  Hydralisk, Drone  
  57  7:35  Drone  
  61  7:41  Overlord  
  61  7:43  Spore Crawler  
  60  7:46  Drone  
  60  7:47  Spore Crawler  
  60  7:52  Drone  
  60  7:54  Drone  
  60  7:57  Drone  
  63  7:59  Queen  
  63  8:00  Drone  
  63  8:03  Drone  
  67  8:06  Drone  
  67  8:07  Overlord  
  67  8:09  Drone  
  69  8:16  Spine Crawler, Drone  
  69  8:20  Spine Crawler  
  69  8:23  Drone  
  69  8:24  Evolution Chamber  
  68  8:57  Pneumatized Carapace  
  68  8:58  Roach, Overseer  
  68  8:59  Zerg Melee Weapons Level 1, Zerg Ground Armor Level 1, Overlord  
  70  9:04  Roach, Muscular Augments  
  70  9:07  Burrow  
  71  9:10  Roach  
  71  9:16  Roach  
  73  9:21  Infestor  
  59  9:24  Extractor  
  59  9:27  Zergling x2  
  59  9:29  Extractor  
  58  9:32  Hydralisk  
  60  9:41  Hydralisk, Hive  
  62  9:45  Hatchery  
  62  9:47  Roach  
  63  9:53  Roach  
  63  9:59  Roach  
  67  10:03  Drone  
  67  10:04  Roach  
  67  10:06  Drone  
  71  10:10  Roach  
  73  10:15  Hydralisk  
  73  10:21  Hydralisk  
  77  10:53  Zerg Missile Weapons Level 1  
  77  10:55  Greater Spire  
  77  10:59  Queen, Ultralisk Cavern, Drone  
  77  11:01  Drone  
  80  11:04  Drone  
  80  11:07  Drone  
  80  11:10  Drone  
  83  11:13  Drone  
  83  11:16  Drone  
  85  11:19  Extractor, Drone  
  85  11:20  Overlord, Spore Crawler  
  85  11:22  Drone  
  85  11:23  Spore Crawler  
  85  11:24  Drone  
  85  11:26  Extractor  
  85  11:27  Drone  
  85  11:30  Drone  
  86  11:33  Drone  
  86  11:36  Drone  
  86  11:39  Drone  
  89  11:42  Drone  
  89  11:45  Drone  
  91  11:49  Spine Crawler  
  91  11:50  Drone  
  91  11:52  Spine Crawler  
  91  11:53  Drone  
  91  12:09  Spire  
  91  12:11  Drone  
  91  12:33  Infestor, Overlord  
  95  12:37  Roach  
  95  12:41  Roach  
  97  12:44  Roach  
  97  12:47  Infestor  
  97  12:51  Infestor, Overlord  
Tags
 
Add a new tag
Caveats
  • Supply blocks, unpowered buildings, or Contaminate may cause inaccurate times.
  • Supply counts are checked every 10 seconds.